Get step-by-step instructions on how to execute this build order below. Start the game timer, and the build order will tick by so you can play in parallel with StarCraft on a second screen or mobile device.

Game Time

  0:00

Last Step

  N/A

Next Step

Upcoming Step



Don't want to look back and forth between 2 screens? Try out our Overwolf App, the Spawning Tool Build Advisor to get an in-game overlay with this build!

Complete Build Order

  12  0:01  SCV  
  13  0:15  Supply Depot  
  13  0:25  SCV  
  14  0:28  Refinery  
  14  0:40  Barracks  
  14  0:49  SCV  
  15  1:01  SCV  
  16  1:11  Barracks